[Event "European Women-ch 2023"]
[Site "Petrovac"]
[Date "2023.03.19"]
[Round "2.3"]
[White "Mammadova, Gulnar"]
[Black "Rudzinska, Michalina"]
[Result "1-0"]
[ECO "D32"]
[WhiteElo "2358"]
[BlackElo "2212"]
[Annotator "TA"]
[PlyCount "81"]
[EventDate "2023.03.15"]
[EventType "swiss"]
[EventCountry "MNE"]
[SourceTitle "playchess.com"]
[Source "ChessBase"]
[SourceQuality "1"]
[TimeControl "40/5400+30:1800+30"]

1. c4 e6 2. Nc3 d5 3. d4 c5 4. cxd5 cxd4 5. Qxd4 Nc6 6. Qa4 exd5 7. e3 Nf6 {[%emt 0:23:43] D32: Tarrasch Defence: Sidelines and lines without g3.} 8. Nf3 Bd6 {[%emt 0:05:59] [#]} 9. Nb5 $146 ({Predecessor:} 9. Be2 O-O 10. O-O Qe7 11. Rd1 Rd8 12. Bd2 a6 13. Rac1 b5 14. Qc2 Bb7 15. a3 {½-½ Rosenthal,D (2387)-Rabiega,R (2490) EU-chT Seniors 50 2022 (3.1)}) 9... Bc5 {[%emt 0:12:22] The position is equal.} 10. Nbd4 Bd7 {[%emt 0:00:51] [#] And now ...Nxd4 would win.} 11. Nxc6 bxc6 12. Ne5 ({Better is} 12. Qc2 $11 Ne4 13. a3) 12... Qe7 $15 13. Nxd7 Bb4+ 14. Bd2 Bxd2+ 15. Kxd2 {[%emt 0:00:03] Nxf6+ is the strong threat.} Ne4+ (15... Qxd7 $15 16. Bd3 Ne4+ 17. Bxe4 dxe4+ 18. Ke1 (18. Qd4 Qf5 $17) 18... O-O) 16. Ke1 $11 {[%emt 0:03:45] Nb6 would be deadly.} Qxd7 17. Bd3 Nc5 18. Qa3 Nxd3+ 19. Qxd3 O-O 20. Kf1 c5 21. h4 Rfd8 22. Rh3 a5 23. h5 Rab8 24. b3 a4 25. bxa4 Qxa4 26. h6 g6 27. Kg1 Qb4 {[%emt 0:01:42] Inhibits Qc3.} 28. Rc1 Ra8 29. Rb1 Ra3 (29... Qe4 {simplifies} 30. Qxe4 dxe4 31. f3 Re8) 30. Qc2 $40 {[%emt 0:05:01][%mdl 128] White mounts an attack.} (30. Rxb4 {simplifies} Rxd3 31. Rb7 Ra3 32. Rf3) 30... Rc3 31. Qd1 Qe4 32. Rf3 Qd3 (32... Rd3 $11 33. Qc1 Qe7) 33. Qxd3 $14 Rxd3 {[%emt 0:00:05][%mdl 4096] Endgame KRR-KRR} 34. Rb7 (34. Rf6 $5) 34... f5 35. Rg7+ Kh8 36. Rc7 c4 (36... d4 $14 {feels stronger.} 37. exd4 (37. Rxc5 Rd1+ 38. Kh2 d3 $14) 37... Rxf3 38. gxf3 cxd4) 37. g4 $16 Rf8 {[%emt 0:02:34] This costs Black the game.} (37... fxg4 38. Rff7 Rd1+ 39. Kg2 Kg8 40. Rxh7) (37... d4 $16) 38. gxf5 $18 Kg8 $2 {[%emt 0:00:19] [#]} (38... gxf5 $18 39. Rxf5 Rd1+ 40. Kg2 Rg8+ 41. Kf3 Rh1 42. Rxd5 Rf8+ 43. Ke4 Rxh6) 39. fxg6 $1 {[%emt 0:04:49] White mates.} Rxf3 40. Rc8+ (40. Rxh7 $2 {perishes.} Rf6 41. Rg7+ Kf8 $19) 40... Rf8 41. Rxf8+ {[%emt 0:00:24][%mdl 32768] Weighted Error Value: White=0.08 (flawless) /Black=0.37. Loss on time!?} ({Not} 41. gxh7+ Kxh7 42. Rxf8 Kxh6 $11) 1-0

[Event "European Women-ch 2023"]
[Site "Petrovac"]
[Date "2023.03.19"]
[Round "2.4"]
[White "Lazarne Vajda, Szidonia"]
[Black "Bulmaga, Irina"]
[Result "0-1"]
[ECO "E04"]
[WhiteElo "2294"]
[BlackElo "2438"]
[Annotator "TA"]
[PlyCount "46"]
[EventDate "2023.03.15"]
[EventType "swiss"]
[EventCountry "MNE"]
[SourceTitle "playchess.com"]
[Source "ChessBase"]
[SourceQuality "1"]
[TimeControl "40/5400+30:1800+30"]

1. d4 Nf6 2. c4 e6 3. g3 d5 4. Bg2 dxc4 5. Nf3 a6 6. a4 c5 7. Na3 {[%emt 0:16:33] E04: Open Catalan: 5 Nf3.} cxd4 8. Nxc4 Nc6 9. O-O {[%emt 0:02:13] The position is equal.} Bc5 10. Nfe5 Nxe5 11. Nxe5 O-O 12. Qc2 {[%emt 0:13:07] [#]} Bd6 $146 ({Predecessor:} 12... Ba7 13. Rd1 Nd5 14. Qc4 Qd6 15. Nf3 e5 16. Ng5 Be6 17. Qd3 f5 18. Bd2 e4 {1-0 Golombek,H-Euwe,M Paignton Premier 1951 (1)}) 13. Nc4 Bc7 14. Rd1 e5 {[%emt 0:02:10] Repels Bf4} 15. e3 Bg4 16. f3 Be6 17. exd4 (17. f4 $17 exf4 18. gxf4 (18. Rxd4 $2 Qc8 $19)) 17... exd4 $19 18. Be3 b5 ({And not} 18... Bxc4 19. Qxc4 Bb6 20. Bxd4 $11) 19. Rxd4 (19. Na3 {is the only way for White.} Bb6 20. Bf2) 19... Nd5 20. Rxd5 {[%emt 0:02:53] Black is winning.} Bxd5 (20... Qxd5 $2 {loses.} 21. Na3 Rac8 22. f4 $19) 21. axb5 axb5 22. Rxa8 Bxa8 (22... Qxa8 $2 {too greedy.} 23. Nd2 Be5 24. Bf1 $19) 23. Na3 Bb6 {[%emt 0:04:49] Weighted Error Value: White=0.21 (precise) /Black=0.01 (flawless)} 0-1

[Event "European Women-ch 2023"]
[Site "Petrovac"]
[Date "2023.03.19"]
[Round "2.4"]
[White "Olde, Margareth"]
[Black "Ismayil, Malak"]
[Result "1-0"]
[ECO "E04"]
[WhiteElo "2234"]
[BlackElo "2011"]
[Annotator "TA"]
[PlyCount "155"]
[EventDate "2023.03.15"]
[EventType "swiss"]
[EventCountry "MNE"]
[SourceTitle "playchess.com"]
[Source "ChessBase"]
[SourceQuality "1"]
[TimeControl "40/5400+30:1800+30"]

1. d4 Nf6 2. c4 e6 3. Nf3 d5 4. g3 dxc4 5. Bg2 Nc6 6. Qa4 Bb4+ 7. Bd2 Nd5 8. Bxb4 Ndxb4 9. Ne5 Bd7 {[%emt 0:06:20] is the legacy move (9...0-0). E04: Open Catalan: 5 Nf3.} (9... Rb8 $11) 10. O-O $1 $14 Rb8 (10... Nxd4 $2 11. Qxb4 Bb5 12. Na3 $18 (12. Bxb7 Rb8 $16)) 11. Nxc6 $1 Nxc6 {[%emt 0:08:50] White is better.} 12. Qxc4 {[%emt 0:00:16] [#]} e5 $146 ({Predecessor:} 12... O-O 13. Nc3 e5 14. d5 Nd4 15. e3 Nf5 16. Qd3 Nd6 17. f4 Qe7 18. Rac1 Rfe8 {1-0 Vetokhin,S (2261)-Sarkar,J (2365) Titled Tuesday intern op 30th Mar blitz 2021 (1)}) 13. dxe5 {[%emt 0:05:05] White is more active.} Nxe5 14. Qc3 f6 15. Rd1 O-O 16. f4 Nf7 17. Na3 Qc8 18. Rac1 c6 19. Nc4 Bh3 20. Bh1 Qe6 21. e4 Rfd8 22. Bf3 Qe7 23. Qe3 Be6 24. Qxa7 Ra8 25. Rxd8+ Qxd8 26. Qc5 Qd3 27. Bg2 Rxa2 28. Qe7 Qd4+ (28... Qd7 {simplifies} 29. Qxd7 Bxd7 30. Rc2 Be6) 29. Kh1 Qd7 $36 {[%emt 0:00:12][%mdl 2048] Prevents Qe8+. Black is more active.} 30. Qxd7 Bxd7 31. Bf1 b5 32. Nb6 Be8 33. b3 Ra3 34. Rc3 (34. Rb1 $15 {feels stronger.}) 34... Nd6 $1 $17 35. e5 fxe5 36. fxe5 Ne4 37. Re3 (37. Rf3 $142) 37... Bg6 (37... Nd2 $17 38. Bh3 c5 39. Be6+ Kf8) 38. Bh3 (38. e6 $11 {and White is okay.}) 38... Ng5 $2 (38... Nf2+ $1 $19 39. Kg2 Nxh3) 39. Bd7 Be4+ 40. Kg1 {[%emt 0:00:00] Strongly threatening e6.} Bf3 $2 {[%emt 0:00:00][%mdl 8192] White stays focused until the end.} (40... Nf3+ $11 {and Black stays safe.} 41. Kf1 Ra1+ 42. Ke2 Nd4+ 43. Kd2 Bg6) 41. h4 $1 $18 Ra1+ 42. Kf2 Ra2+ 43. Ke1 Ra1+ {[%emt 0:00:13] [#]} 44. Kd2 $1 Ne4+ 45. Kc2 Ra2+ 46. Kc1 Ra1+ 47. Kb2 Rf1 48. e6 b4 $2 (48... Nf6 49. e7 Bh5 50. e8=Q+ Nxe8 51. Bxe8 Bxe8) 49. e7 ({Weaker is} 49. Bxc6 Rf2+ 50. Kc1 Rf1+ 51. Kc2 Rf2+ 52. Kd3 Rd2+ 53. Kc4 Rc2+ 54. Kxb4 Rxc6 $16) 49... Rf2+ {[%emt 0:00:01] [#]} 50. Kc1 $1 Rf1+ 51. Kc2 Bd1+ 52. Kb2 Nf6 53. e8=Q+ (53. Be6+ $142 Kh8 54. Bf7) 53... Nxe8 54. Bxe8 Rf2+ 55. Kc1 Bf3 56. Bd7 h5 57. Be6+ Kh7 58. Nd7 {[%emt 0:00:45] White wants to mate with Bf5+.} Bg2 59. Ne5 Rf6 60. Nd3 Rf1+ 61. Kd2 c5 62. Nxc5 Bf3 63. Nd3 Rd1+ 64. Kc2 Rf1 65. Nxb4 Bd1+ 66. Kd2 Bf3 67. Nd3 Bc6 68. Nf4 g6 69. Rc3 (69. Bc4 $142 Rf2+ 70. Ke1 Rxf4 71. Re7+ Rf7 72. Bxf7 Kg7 73. Rc7 Bb5 74. Bc4+ Kf6 75. Bxb5) 69... Be4 70. b4 Kg7 71. Bd5 Bf5 72. b5 {[%emt 0:00:34] b6 would kill now.} Kf6 73. b6 Ke5 74. b7 Rf2+ 75. Kc1 Rf1+ 76. Kd2 Rf2+ $1 77. Ke1 Rb2 78. Rb3 {[%emt 0:00:07] Weighted Error Value: White=0.33/Black=0.45} 1-0

[Event "European Women-ch 2023"]
[Site "Petrovac"]
[Date "2023.03.19"]
[Round "2.4"]
[White "Gajcin, Marina"]
[Black "Tsolakidou, Stavroula"]
[Result "0-1"]
[ECO "C55"]
[WhiteElo "2215"]
[BlackElo "2358"]
[Annotator "TA"]
[PlyCount "128"]
[EventDate "2023.03.15"]
[EventType "swiss"]
[EventCountry "MNE"]
[SourceTitle "playchess.com"]
[Source "ChessBase"]
[SourceQuality "1"]
[TimeControl "40/5400+30:1800+30"]

1. e4 e5 2. Nf3 Nc6 3. Bc4 Nf6 4. d3 h6 5. Nc3 d6 6. h3 g6 (6... Na5 $5) 7. a3 {[%emt 0:01:46] C55: Two Knights: 4 d3, 4 d4 exd4 5 e5 and Max Lange Attack.} Bg7 8. Be3 Be6 9. Bxe6 {[%emt 0:07:11] White has an edge.} fxe6 10. d4 exd4 11. Nxd4 Qd7 12. O-O O-O {[%emt 0:04:35] [#]} 13. Nxc6 $146 ({Predecessor:} 13. f4 Nxd4 14. Bxd4 Nh5 15. Bxg7 Qxg7 16. Qg4 Rae8 17. g3 Nf6 18. Qf3 e5 19. f5 gxf5 20. exf5 {0-1 Fernandez,D (2496)-Wall,T (2309) London Wood Green 2022 (2)}) 13... Qxc6 14. Qd3 Nd7 15. f4 Nc5 16. Bxc5 Qxc5+ 17. Kh1 Bxc3 18. bxc3 Rf7 19. Rf3 (19. Rae1 $5 ) 19... Raf8 20. Raf1 (20. Rb1 $15) 20... Kh7 (20... Qxa3 $17 21. Qc4 Re7) 21. c4 $11 c6 22. f5 exf5 23. exf5 Rxf5 24. Rxf5 Rxf5 25. Rxf5 gxf5 {[%emt 0:00:05][%mdl 4096] Endgame KQ-KQ} 26. g4 (26. Qc3 $15) 26... Kg7 $17 27. gxf5 Kf6 (27... Qe5 $1 $17 28. Kg2 Kf7) 28. Qd2 $1 $11 Kxf5 29. Qxh6 Qxa3 30. Qh5+ Kf4 {[%emt 0:02:07] Active counter play!} 31. Qg4+ Ke5 32. Qg7+ Ke6 33. Qg4+ Ke7 34. Qe4+ $2 (34. Qg7+ $11 Kd8 35. Qg5+ Kc8 36. Qg4+ Kd8 37. Qg8+ Kc7 38. Qg7+ Kb6 39. Qd4+ Ka6 40. Kg2) 34... Kd8 $1 $19 35. Kg2 Qc3 36. h4 a5 {[%emt 0:01:35] White must now prevent ...a4.} 37. h5 Qg7+ 38. Kh3 Kc7 $2 (38... Qg5 $1 $19 39. Qh7 a4) 39. Qg6 $11 Qc3+ 40. Qd3 (40. Qg3 $1 $11 Qh8 41. Kh4) 40... Qh8 $15 41. Qf5 (41. Qg6 $1 $15) 41... Kb6 (41... a4 $142 {...Qc3+ would be deadly.} 42. Qa5+ Kd7) 42. Qf2+ c5 $1 43. Qf3 (43. Kh4 $17 {was forced.}) 43... a4 $19 44. Qd5 $2 (44. Kg3) 44... Qe5 $2 (44... Ka7 $19 45. Qd3 Qxh5+ 46. Kg3 Qe5+ 47. Kg2 Qd4) 45. Qxe5 $15 dxe5 {[%emt 0:00:05] KP-KP} 46. h6 {[%emt 0:00:02] Intending h7 and mate.} a3 47. h7 a2 48. h8=Q a1=Q {[%emt 0:00:06] ( -> ...Qh1+). KQ-KQ} (48... a1=B 49. Qd8+ Kc6 50. Qd5+ Kc7 51. Qxc5+ Kb8 52. Qf8+ Kc7 53. Qa3 $18) 49. Qd8+ $1 Ka7 50. Qd3 {[%emt 0:00:33] Against Qc3} ({White should try} 50. Kg3 $1 $15) 50... Qd4 $17 51. Qa3+ Kb8 52. Qb3 Kc7 53. Kg2 Qf4 ({Better is} 53... b6 $17 {Threatens to win with ...e4.} 54. Kf3 Qf4+ 55. Ke2 e4) 54. Qb5 $2 {[%emt 0:01:01][%mdl 8192] [#]} (54. Qd3 $15) 54... Qd2+ $1 $19 55. Kf3 $2 {[%emt 0:00:14] [#]} (55. Kg3 Qb4 56. Qe8 Qc3+ 57. Kf2 Qxc2+ 58. Kg3 Qd3+ 59. Kh2) 55... Qb4 $1 {[%emt 0:01:43] And now ...Qxb5 would win.} ({Stronger than} 55... Qxc2 56. Qxc5+ Kd8 57. Qd6+ Kc8 58. Qe6+ Kd8 59. Qd6+ Kc8 60. Qe6+ Kd8 61. Qd6+ $11) 56. Qe8 Qc3+ ({Worse is} 56... Qxc4 57. Qxe5+ Kd7 58. Qg7+ Kc6 59. Qf6+ Kd7 60. Qf5+ Kd6 61. Qf8+ Kc7 62. Qg7+ Kc6 63. Qf6+ Kd7 64. Qg7+ Kc6 $17) 57. Kf2 Qxc2+ ({And not} 57... Qxc4 58. Qxe5+ Kb6 59. Qf5 $17) 58. Ke3 Qc3+ 59. Kf2 Qd4+ 60. Ke1 e4 61. Qf7+ Kb6 {[%emt 0:00:27] Black mates.} 62. Qe6+ Ka5 63. Qf7 Qe3+ 64. Kd1 Qf3+ {[%emt 0:00:04] Weighted Error Value: White=0.78/Black=0.25 (precise)} 0-1

[Event "European Women-ch 2023"]
[Site "Petrovac"]
[Date "2023.03.19"]
[Round "2.5"]
[White "Socko, Monika"]
[Black "Urh, Zala"]
[Result "1-0"]
[ECO "D27"]
[WhiteElo "2432"]
[BlackElo "2294"]
[Annotator "TA"]
[PlyCount "73"]
[EventDate "2023.03.15"]
[EventType "swiss"]
[EventCountry "MNE"]
[SourceTitle "playchess.com"]
[Source "ChessBase"]
[SourceQuality "1"]
[TimeControl "40/5400+30:1800+30"]

1. d4 d5 2. c4 e6 3. Nc3 Nf6 4. Nf3 dxc4 5. e3 a6 6. a4 c5 7. Bxc4 Be7 8. O-O cxd4 9. exd4 Nc6 10. Re1 O-O 11. Bg5 {[%emt 0:01:08] 11.Bf4 injects fresh life into this line.} h6 12. Bh4 Nb4 {[%emt 0:02:38] [#] D27: Queen's Gambit Accepted: Classical main line: 7 e4!? and 7 a4.} 13. Qb3 $146 ({Predecessor:} 13. Ne5 Bd7 14. Qb3 Nc6 15. Qxb7 Na5 16. Qf3 Nxc4 17. Nxc4 Rc8 18. Ne5 Be8 19. Rad1 Nd5 20. Bxe7 Nxe7 {½-½ Xiong,J (2709)-Maghsoodloo,P (2698) Junior Speed Final blitz 2021 (2.11)}) 13... Nc6 $1 14. Rad1 Na5 {[%emt 0:03:15] The position is equal.} 15. Qa2 Nxc4 16. Qxc4 Nd5 17. Bxe7 Nxe7 18. Ne5 b6 19. d5 exd5 20. Nxd5 Nxd5 21. Rxd5 Qf6 22. Qd4 Bb7 23. Rd6 Qg5 {[%emt 0:00:29][%csl Gb7][%cal Rg5g2] [#]} 24. f3 {[%emt 0:02:32] Active counter play!} (24. Rxb6 $2 Qxg2#) (24. Qg4 {simplifies} Qxg4 25. Nxg4 b5 26. axb5 axb5 27. Ne3) 24... Rac8 25. Rxb6 Rc2 26. Ng4 (26. Rxb7 $2 Qxg2#) 26... Rd8 {[%emt 0:09:21] [#]} (26... Bc6 $14) 27. h4 $1 $16 Rxd4 (27... Qd2 $2 28. Qxd2 Rdxd2 29. Rxb7 $18) 28. hxg5 (28. Re8+ {with more complications.} Kh7 29. hxg5 Bc8 30. g6+) 28... h5 (28... Bc8 $16) 29. Re8+ Kh7 30. Ne5 ({Not} 30. Rxb7 hxg4 31. fxg4 (31. Rxf7 g3 $17) 31... Rxg4 $17) (30. Ne3 $16 Rc7 31. b3) 30... Rd1+ $2 {[%emt 0:01:48][%mdl 8192] A mistake that costs the game.} (30... f6 $1 $11 {and Black has nothing to worry.}) 31. Kh2 $18 Rdd2 32. Rxb7 {[%emt 0:00:47] Threatening mate with Kh3.} Rxg2+ 33. Kh3 Rh2+ 34. Kg3 {[%emt 0:00:05] White wants to mate with Rbb8.} Rcg2+ 35. Kf4 {[%emt 0:00:05] White mates.} Rxb2 36. Rxf7 Rh4+ 37. Kf5 {[%emt 0:00:38] Weighted Error Value: White=0.15 (very precise) /Black=0.54} 1-0

[Event "European Women-ch 2023"]
[Site "Petrovac"]
[Date "2023.03.19"]
[Round "2.5"]
[White "Cyfka, Karina"]
[Black "Kubicka, Anna"]
[Result "1-0"]
[ECO "D00"]
[WhiteElo "2350"]
[BlackElo "2211"]
[Annotator "TA"]
[PlyCount "99"]
[EventDate "2023.03.15"]
[EventType "swiss"]
[EventCountry "MNE"]
[SourceTitle "playchess.com"]
[Source "ChessBase"]
[SourceQuality "1"]
[TimeControl "40/5400+30:1800+30"]

1. d4 Nf6 2. Nc3 d5 3. Bf4 Bf5 4. e3 e6 5. Bd3 Bxd3 6. Qxd3 {[%emt 0:02:52] D00: 1 d4 d5: Unusual lines.} a6 {[%emt 0:01:11] Inhibits Qb5+.} 7. Nf3 Bd6 8. O-O {[%emt 0:02:21] The position is equal.} O-O 9. Rfe1 Nc6 {[%emt 0:21:56] [#]} 10. a3 $146 ({Predecessor:} 10. Bxd6 Qxd6 11. e4 dxe4 12. Nxe4 Qe7 13. Nxf6+ Qxf6 14. c3 h6 15. Ne5 Nxe5 16. dxe5 {½-½ Wolf,J (842)-Kramer,T Bad Soden U14 op 5th 2018 (5.24)}) 10... Ne7 11. Bxd6 cxd6 12. e4 dxe4 13. Nxe4 Ng6 14. g3 Nxe4 15. Rxe4 d5 16. Re2 Qb6 17. c3 a5 18. h4 Qa6 19. Qd2 h6 20. Rae1 Rfe8 21. h5 Nf8 22. g4 Nh7 23. g5 Nxg5 24. Nxg5 hxg5 25. Qxg5 Qd3 (25... Qd6 $1 $14) 26. Re3 Qh7 {[%emt 0:09:08] [#]} 27. Qxd5 $3 {[%emt 0:01:09][%mdl 576] Pin} Red8 (27... Qh6 28. Qb5) 28. Qg5 {[%emt 0:01:07] White is more active.} ({Resist} 28. Qxb7 Rab8 29. Qc7 Qxh5 $16) 28... Kh8 29. Kg2 b6 30. Re4 Rd7 31. c4 (31. Qf4 $142) 31... Qh6 $16 32. Qxh6+ gxh6 {[%emt 0:00:02][%mdl 4096] Endgame KRR-KRR} 33. Kf3 Rg8 {[%emt 0:00:59] [#]} ({Black should try} 33... Rc8) 34. Ke3 $1 Rg5 {[%emt 0:00:37] [#]} 35. Re5 $1 {[%emt 0:00:18] And now Rxg5 would win.} Kg7 $2 (35... Rg4) 36. Rxg5+ $18 hxg5 {[%emt 0:00:02] KR-KR} 37. c5 e5 38. c6 ({Weaker is} 38. dxe5 bxc5 39. f4 Kh6 $16) 38... exd4+ 39. Kd3 Rc7 40. Rc1 ({Worse is} 40. Kxd4 Rxc6 41. Re5 Rd6+ 42. Ke4 Kh6 $17) 40... Kf6 41. Kxd4 Ke6 42. h6 {[%emt 0:01:47][%cal Bh5h6,Bh6h7][%mdl 32] White threatens h7 and mate.} Rc8 43. c7 f5 44. h7 {[%emt 0:01:02] White mates.} Kd7 45. Ke5 Re8+ 46. Kxf5 Kc8 47. Kxg5 b5 48. Kg6 b4 49. axb4 axb4 50. Kf7 {[%emt 0:00:10] A cool game by Cyfka.   Weighted Error Value: White=0.08 (flawless) /Black=0.54} 1-0

[Event "European Women-ch 2023"]
[Site "Petrovac"]
[Date "2023.03.19"]
[Round "2.5"]
[White "Richterova, Natasa"]
[Black "Ter-Avetisjana, Agnesa Stepania"]
[Result "1-0"]
[ECO "B12"]
[WhiteElo "2190"]
[BlackElo "1974"]
[Annotator "TA"]
[PlyCount "61"]
[EventDate "2023.03.15"]
[EventType "swiss"]
[EventCountry "MNE"]
[SourceTitle "playchess.com"]
[Source "ChessBase"]
[SourceQuality "1"]
[TimeControl "40/5400+30:1800+30"]

1. e4 c6 2. d4 d5 3. e5 Bf5 4. h4 h5 5. Be2 g6 6. c4 {[%emt 0:04:20] B12: Caro-Kann: Advance Variation.} e6 7. Nc3 Be7 8. Nf3 {[%emt 0:00:59] White has an edge.} Bg4 9. Qb3 {[%emt 0:12:45] [#]} b6 $146 (9... Qb6 $11) ({Predecessor:} 9... Qb6 10. c5 Qc7 11. Bg5 Nd7 12. Bxe7 Nxe7 13. Ng5 Bxe2 14. Nxe2 b6 15. Qf3 Nf5 {0-1 Lazov,T (1798)-Georgievski,V (2273) Skopje Karposh op 2012 (8)}) 10. cxd5 exd5 (10... cxd5 $14 11. Be3 Nh6) 11. Ng5 $16 Nh6 12. g3 {[%emt 0:14:46] White is much more active.} (12. Bxg4 $16 hxg4 13. Qd1) 12... Nf5 $14 13. Qd1 Bxe2 14. Nxe2 c5 {[%emt 0:07:56] Black is now going downhill.} (14... O-O $14) 15. O-O (15. dxc5 $16 {aiming for e6.} Qd7 16. Nf4 Bxg5 17. hxg5) 15... O-O (15... Nc6 $1 $14) 16. dxc5 (16. e6 $18) 16... bxc5 17. e6 Bxg5 18. exf7+ $1 ({But not} 18. Bxg5 $6 f6 19. Be3 d4 $14) 18... Rxf7 {[%emt 0:00:12] And now ...Bf6 would win.} 19. Bxg5 Qd6 20. Nf4 $1 {[%emt 0:03:50] Strongly threatening Re1.} Nd4 {[%emt 0:14:14] [#]} 21. b4 $1 Nbc6 22. bxc5 Qxc5 23. Nxg6 Nf3+ {[%emt 0:01:57] [#]} 24. Kg2 $1 d4 {[%emt 0:07:19] [#]} (24... Ncd4 $142 25. Rc1 Qd6) 25. Bf4 $1 $18 Qd5 {[%emt 0:00:17] ( -> ...Ne1+)} 26. Qxf3 Qxf3+ 27. Kxf3 Kg7 {[%emt 0:00:07] Wards off Rac1} 28. Rac1 Rc8 {[%emt 0:01:41] [#]} 29. Rxc6 $1 Rxc6 30. Ne5 Rc3+ 31. Ke4 {[%emt 0:00:07] Weighted Error Value: White=0.12 (very precise) /Black=0.34} 1-0

[Event "European Women-ch 2023"]
[Site "Petrovac"]
[Date "2023.03.19"]
[Round "2.6"]
[White "Badelka, Olga"]
[Black "Kulon, Klaudia"]
[Result "1-0"]
[ECO "B01"]
[WhiteElo "2428"]
[BlackElo "2290"]
[Annotator "TA"]
[PlyCount "86"]
[EventDate "2023.03.15"]
[EventType "swiss"]
[EventCountry "MNE"]
[SourceTitle "playchess.com"]
[Source "ChessBase"]
[SourceQuality "1"]
[TimeControl "40/5400+30:1800+30"]

1. e4 d5 2. exd5 Qxd5 3. Nc3 Qd8 4. d4 Nf6 5. Nf3 g6 6. Bc4 {[%emt 0:00:45] B01: Scandinavian Defence.} Bg7 7. O-O O-O 8. Re1 {[%emt 0:00:24] White is slightly better.} Nc6 9. h3 {[%emt 0:11:26] Prevents Bg4.} b6 10. a3 Bb7 {[%emt 0:04:54] [#]} 11. b4 $146 ({Predecessor:} 11. Bg5 h6 12. Be3 e6 13. Qe2 a6 14. Rad1 Ne7 15. Bf4 Kh7 16. Bd3 Nf5 17. Be5 {½-½ Barski,R (2456)-Kulon,K (2328) Figueira da Foz op 15th 2021 (9)}) 11... e6 12. Bf4 Ne7 13. Be5 Nf5 14. Nb5 Nd5 15. a4 (15. Qd2 $142) 15... a6 (15... Nxb4 $142 {...Bxf3 would be deadly.} 16. Bxg7 Kxg7) 16. Na3 (16. Bxd5 $17 {is a better defense.} Bxd5 17. Na3) 16... Nxb4 17. c3 Nd5 18. Qd2 Bh6 19. Qd3 Nf4 20. Bxf4 Bxf4 21. Nc2 Qf6 (21... c5 $19 22. dxc5 bxc5) 22. Qe2 $17 Rfd8 23. Rab1 Bc6 24. Ne3 Bxa4 {[%emt 0:12:54] This pair of bishops is nice.} 25. Ng4 Qe7 26. Bxa6 c5 (26... Bc6 $17 {[%cal Oa8a6] Hoping for ...Rxa6!} 27. Ra1 Bd5) 27. g3 $15 Bc7 {[%emt 0:01:02] aiming for ...h5.} 28. Bb7 Rab8 29. Be4 Ng7 (29... Nd6 $15 30. Bd3 h5) 30. Ra1 $11 Be8 31. Ra7 $36 {[%emt 0:01:22][%mdl 2048] White is more active.} h5 $2 {[%emt 0:01:32][%mdl 8192] [#]} (31... Rbc8 $11) 32. Rxc7 $1 $18 {[%emt 0:02:45][%mdl 576] Deflection} Qxc7 33. Nf6+ Kf8 34. Qe3 {[%emt 0:00:15] Threatens to win with Qh6.} cxd4 35. Qh6 dxc3 (35... d3 $142) 36. Qh8+ {[%emt 0:00:32][%mdl 64] Deflection} Ke7 37. Qxg7 Bc6 38. Ng5 Kd6 39. Nxf7+ Kc5 40. Bxc6 (40. Nd7+ $142 Kc4 41. Rc1 e5 42. Nfxe5+ Kb5 43. Bxc6+ Qxc6 44. Rb1+ {[%mdl 64] Deflection} Ka4 45. Nxc6 Rxd7 46. Qxd7 Rb7 47. Qxb7 g5 48. Qa8#) 40... Qxc6 41. Nxd8 {[%emt 0:02:23] White mates.} Rxd8 42. Qe7+ Rd6 43. Ne4+ {[%emt 0:00:05][%mdl 64] Pin, Double Attack} Kd5 {[%emt 0:00:06] Quite a comeback for White. A cool game by Badelka.   Weighted Error Value: White=0.16 (very precise) /Black=0.66} 1-0